 Dungeon Crawl Stone Soup version 0.31-a0-963-ga325b2283a (webtiles) character file.

Game seed: 16194329856808511465

74 Arzdou the Ruffian (level 4, 0/32 HPs)
             Began as a Demonspawn Shapeshifter on Oct 25, 2023.
             Slain by a gnoll
             ... wielding a +0 spear
              (5 damage)
             ... on level 2 of the Dungeon.
             The game lasted 00:02:22 (1088 turns).

Arzdou the Ruffian (Demonspawn Shapeshifter)        Turns: 1088, Time: 00:02:23

Health: 0/32       AC:  4    Str: 19    XL:     4   Next: 10%
Magic:  4/4        EV: 12    Int: 11    God:
Gold:   50         SH:  0    Dex: 13    Spells: 3/3 levels left

rFire   + .          .
                       - Unarmed
rCold   + . .        (no shield)
rNeg    . . .        k - +2 robe "Xus Kirgh" {rF+ rC+ Str+3}
rPois   .            (helmet currently unavailable)
rElec   .            (cloak currently unavailable)
rCorr   .            (gloves currently unavailable)
SInv    .            (boots currently unavailable)
Will    .....        (no amulet)
Stlth   +            (no ring)
HPRegen 0.25/turn    (no ring)
MPRegen 0.09/turn

%: no passive effects
@: beast-form
A: beast (slay +1), antennae 1, hooves 1, weakness stinger 1
a: Begin Untransformation


You were on level 2 of the Dungeon.
You were a hulking beast.
You visited 1 branch of the dungeon, and saw 2 of its levels.

You collected 50 gold pieces.

Inventory:

Missiles
 j - 2 throwing nets
Armour
 a - a +0 animal skin
 k - the +2 robe "Xus Kirgh" (worn) {rF+ rC+ Str+3}
   (You found it on level 2 of the Dungeon)

   Str+3:     It affects your strength (+3).
   rF+:       It protects you from fire.
   rC+:       It protects you from cold.
Talismans
 c - a beast talisman
 d - a flux talisman
Scrolls
 e - 2 scrolls of identify {unknown}
 g - 2 scrolls of teleportation {unknown}
 l - a scroll of fear {unknown}
Potions
 f - a potion of enlightenment {unknown}
 h - 2 potions of degeneration {unknown}
 i - 2 potions of curing {unknown}


   Skills:
 - Level 1.2 Fighting
 - Level 1.9 Dodging
 + Level 4.3 Unarmed Combat
 - Level 2.7 Shapeshifting


You had 3 spell levels left.
You didn't know any spells.
Your spell library was empty.

Dungeon Overview and Level Annotations

Branches:
Dungeon (2/15)

Altars:


Innate Abilities, Weirdness & Mutations

You are a hulking beast.
Your limbs bulge with bestial killing power. (Slay +1)
You have a pair of small antennae on your head.
You have large cloven feet.
You have a small tail.


Message History

The gnoll hits you but does no damage.
The gnoll hits you from afar with a +0 spear.
The gnoll hits you but does no damage. The gnoll hits you but does no damage.
The gnoll hits you but does no damage. The gnoll hits you but does no damage.
The gnoll hits you but does no damage. The gnoll hits you but does no damage.
The gnoll hits you from afar with a +0 spear.
The gnoll hits you but does no damage. The gnoll barely misses you.
The gnoll hits you from afar with a +0 spear.
The gnoll hits you but does no damage. The gnoll barely misses you.
The gnoll barely misses you. The gnoll hits you but does no damage.
Your transformation is almost over.
The gnoll hits you but does no damage. The gnoll barely misses you.
The gnoll hits you but does no damage. The gnoll hits you but does no damage.
The gnoll hits you but does no damage.
The gnoll hits you from afar with a +0 spear.
The gnoll hits you but does no damage. The gnoll hits you but does no damage.
The gnoll barely misses you.
The gnoll hits you from afar with a +0 spear.
You feel less wooden.
The +2 robe "Xus Kirgh" {rF+ rC+ Str+3} unmelds from your body.
You turn into a hulking beast.
The gnoll hits you from afar with a +0 spear.
* * * LOW HITPOINT WARNING * * *
The gnoll hits you from afar with a +0 spear.
* * * LOW HITPOINT WARNING * * *
The gnoll closely misses you.
Items here: )) ††.
You hit the gnoll.
The gnoll is moderately wounded.
The gnoll hits you with a +0 spear.
You die...

#########
#.......#
#.#####.# #.#
#.# #####.###
#.#
######.......#
#h#
.............#
#g#
#####..#####.#
#.. ........##
.......
#####+...#
..######
#......8.# ###
+.......[# ..
#.......## ..#
#......#####.#.#


You could see a gnoll.

Vanquished Creatures
  2 gnolls (D:2)
  2 worms (D:2)
  A dart slug (D:1)
  3 bats (D:1)
  A giant cockroach (D:1)
  8 goblins (D:1)
  2 hobgoblins (D:1)
  5 jackals (D:1)
  5 kobolds (D:1)
  4 quokkas (D:1)
  4 ball pythons (D:1)
  A frilled lizard (D:1)
  3 rats (D:1)
41 creatures vanquished.

Notes
Turn   | Place    | Note
-------+----------+-------------------------------------------
     0 | D:1      | Arzdou the Demonspawn Shapeshifter began the quest for the
                  | Orb.
     0 | D:1      | Reached XP level 1. HP: 15/15 MP: 1/1
   128 | D:1      | Discovered your monstrous ancestry.
   128 | D:1      | Gained mutation: You have large cloven feet. [demonic
                  | ancestry]
   128 | D:1      | Reached XP level 2. HP: 21/21 MP: 2/2
   138 | D:1      | Reached skill level 3 in Unarmed Combat
   490 | D:1      | Gained mutation: You have a pair of small antennae on your
                  | head. [demonic ancestry]
   490 | D:1      | Reached XP level 3. HP: 20/26 MP: 3/3
   942 | D:2      | Identified the +2 robe "Xus Kirgh" {rF+ rC+ Str+3}
  1001 | D:2      | Identified the +3 chain mail of Zuodar {Contam rCorr Int+5}
  1011 | D:2      | Reached skill level 4 in Unarmed Combat
  1045 | D:2      | Gained mutation: You have a small tail. [demonic ancestry]
  1045 | D:2      | Reached XP level 4. HP: 19/32 MP: 4/4
  1088 | D:2      | Slain by a gnoll

Illustrated notes

Levels and vault maps discovered:
D:1:      onia_arrival_mini_spirals, layout_basic, hangedman_decor_points,
          corexii_item_surrounded_by_moat, hangedman_decor_clover_reticule,
          minmay_octomino_j4
D:2:      layout_basic, mrwooster_statue_mirror, nicolae_the_louvre

Skill      XL: |  1  2  3 |
---------------+----------+-----
Unarmed Combat | 3 4 |  4.3
Fighting       | |  1.2
Dodging        | |  1.9
Shapeshifting  | |  2.7

Action                     |  1- 3 |  4- 6 || total
---------------------------+-------+-------++-------
  Melee: Unarmed           |   108 |     1 ||   109
         Punch             |     3 |       ||     3
         Kick              |    18 |       ||    18
    Use: Potion            |     1 |       ||     1
   Stab: Sleeping          |     3 |       ||     3
 Armour: Animal skin       |    34 |       ||    34
         Skin              |     6 |    35 ||    41
         Robe              |     4 |     3 ||     7
  Dodge: Dodged            |    65 |     6 ||    71

Table legend: (Time is in decaauts)
 A = Elapsed time spent in this place.
 B = Non-inter-level travel time spent in this place.
 C = Inter-level travel time spent in this place.
 D = Time resting spent in this place.
 E = Time spent auto-exploring this place.
 F = Levels seen in this place.
 G = Mean time per level.
                   A        B        C        D        E       F      G
               +--------+--------+--------+--------+--------+-----+--------+
         Total |   1081 |   1068 |     13 |      0 |    816 |   2 |  540.5 |
       Dungeon |   1081 |   1068 |     13 |      0 |    816 |   2 |  540.5 |
               +--------+--------+--------+--------+--------+-----+--------+

Top non-repeatable levels by time:
     D:1: 914 daAuts
     D:2: 167 daAuts
